Map: Arctic Dream LE

Players

Casey

  • Race: Terran Terran

RevMuun

  • Race: Zerg Zerg

scott

  • Race: Protoss Protoss

SpicyGum

  • Race: Terran Terran
  • League: Platinum

VOD

Have the link to the VOD?

Description

Time

  • Played on: Dec. 27, 2021, 9:44 p.m.
  • Length: 12:48
Show
View Real Time Build Order
Export as new Build Order

Casey Terran 

Build Orders:  

Get SALT Encoding   

  12  0:01  SCV  
  13  0:20  Supply Depot  
  13  0:27  SCV  
  14  0:39  SCV  
  15  0:52  Barracks  
  15  0:55  SCV  
  16  1:05  Supply Depot  
  16  1:07  SCV  
  17  1:15  Refinery  
  17  1:18  Refinery  
  17  1:19  SCV  
  18  1:31  SCV  
  19  1:43  SCV  
  19  1:46  Barracks  
  20  1:55  SCV  
  20  2:00  Barracks Reactor  
  21  2:09  Supply Depot  
  21  2:12  SCV  
  22  2:23  Engineering Bay  
  22  2:24  SCV  
  23  2:31  Supply Depot  
  23  2:36  SCV  
  24  2:40  Barracks Tech Lab  
  24  2:41  Marine x2  
  26  2:57  Missile Turret  
  26  2:59  Marine x2  
  28  3:11  Marauder  
  30  3:16  Combat Shield  
  30  3:17  Marine x2  
  30  3:19  Missile Turret  
  31  3:33  Marauder  
  31  3:35  Marine  
  30  4:16  Marauder  
  31  4:18  Marine x2  
  33  4:28  Terran Infantry Weapons Level 1  
  33  4:35  Marine, Concussive Shells  
  33  4:36  Marine  
  33  4:37  Marauder  
  37  4:53  Marine x2  
  37  4:58  Marauder, Supply Depot  
  41  5:06  Factory  
  41  5:11  Marine x2  
  43  5:20  Marauder  
  45  5:22  Supply Depot  
  45  5:29  Marine x2  
  47  5:40  Stimpack  
  47  5:41  Marauder  
  49  5:45  Supply Depot  
  49  5:47  Marine x2  
  51  5:59  Missile Turret  
  51  6:02  Marauder  
  53  6:05  Marine x2  
  53  6:06  Missile Turret  
  53  6:07  Supply Depot  
  52  6:22  Marine  
  52  6:24  Marauder  
  50  6:45  Marauder  
  49  7:07  Marauder  
  51  7:19  Command Center  
  51  7:20  Marine x2  
  53  7:28  Marauder, Terran Infantry Armor Level 1  
  55  7:31  Factory Tech Lab  
  55  7:38  Marine x2  
  57  7:49  Marauder  
  57  7:56  Marine x2  
  39  8:11  Marauder  
  38  8:13  Marine  
  38  8:14  Marine  
  38  8:15  Siege Tank  
  39  8:32  Marauder  
  37  8:45  Marine x2  
  37  8:47  Siege Tank  
  42  8:56  SCV  
  43  9:02  Marine  
  43  9:03  Marine  
  43  9:08  SCV  
  46  9:16  Armory  
  46  9:19  Siege Tank  
  46  9:20  Marine x2  
  51  9:38  Marine x2  
  51  9:44  Neosteel Armor  
  53  9:48  SCV  
  53  9:51  Siege Tank  
  57  9:53  Refinery  
  57  10:00  SCV  
  58  10:11  Command Center  
  58  10:12  SCV  
  59  10:23  Thor  
  59  10:24  SCV  
  66  10:32  Supply Depot  
  66  10:54  Supply Depot  
  66  11:03  SCV  
  67  11:15  SCV  
  68  11:18  Supply Depot  
  68  11:40  Supply Depot  
  32  12:22  SCV  
  33  12:27  SCV  
  34  12:32  Refinery  
  34  12:34  SCV  
Show
View Real Time Build Order
Export as new Build Order

RevMuun Zerg 

Build Orders: Hatch First 

Get SALT Encoding   

  12  0:00  Drone  
  13  0:10  Drone  
  14  0:20  Overlord  
  14  0:40  Drone x2  
  16  0:50  Hatchery  
  16  0:54  Drone  
  16  0:57  Drone  
  16  1:02  Drone  
  18  1:06  Extractor  
  17  1:21  Spawning Pool  
  17  1:22  Drone  
  17  1:27  Drone  
  18  1:37  Drone  
  19  1:51  Overlord  
  19  2:08  Queen  
  21  2:09  Queen  
  21  2:12  Drone  
  21  2:14  Zergling x4  
  26  2:21  Zergling x2  
  27  2:24  Drone x2  
  29  2:30  Overlord  
  28  2:46  Drone  
  29  2:51  Queen  
  29  2:53  Drone x2  
  33  3:08  Evolution Chamber  
  33  3:10  Drone x2  
  33  3:11  Roach Warren  
  33  3:12  Drone x2  
  35  3:25  Drone  
  36  3:27  Overlord  
  36  3:35  Zerg Missile Weapons Level 1  
  36  3:37  Drone  
  37  3:41  Extractor  
  37  3:44  Drone x2, Extractor  
  37  3:45  Drone x2  
  38  4:02  Drone  
  38  4:15  Roach, Overlord  
  38  4:16  Roach  
  42  4:17  Overlord  
  42  4:18  Overlord  
  42  4:19  Roach x3  
  48  4:37  Roach x2  
  48  4:38  Roach x2  
  56  4:43  Drone x2  
  56  4:44  Drone x3  
  61  5:12  Roach x5  
  61  5:13  Roach  
  61  5:14  Roach  
  75  5:29  Lair  
  62  6:13  Roach x5  
  62  6:16  Drone x3  
  75  6:32  Hatchery  
  55  7:05  Roach x4  
  55  7:06  Roach x2  
  67  7:13  Roach x4  
  75  7:16  Overlord x2  
  75  7:19  Overlord  
  75  7:47  Roach x3  
  81  8:10  Roach x2  
  51  8:32  Roach x2  
  55  8:40  Drone x2  
  55  8:41  Drone  
  58  8:48  Roach x5  
  66  8:49  Roach x2  
  66  8:50  Roach x3  
  74  9:01  Extractor  
  73  9:33  Roach x2  
  73  9:34  Roach  
  73  9:35  Drone x3  
  82  9:48  Zerg Missile Weapons Level 2  
  82  9:50  Glial Reconstitution  
  82  9:57  Overlord  
  82  10:20  Drone  
  83  10:26  Drone x3  
  86  10:43  Hatchery  
  85  10:52  Roach x2  
  89  11:00  Overlord x3  
  89  11:01  Overlord x3  
  75  11:33  Roach x5  
  82  11:43  Roach  
  84  11:48  Roach  
  84  11:49  Roach x2  
  84  11:50  Queen  
  56  12:13  Drone x2  
  36  12:23  Roach x3  
Show
View Real Time Build Order
Export as new Build Order

scott Protoss 

Build Orders:  

Get SALT Encoding   

  12  0:01  Probe (Chrono Boost)  
  13  0:11  Probe (Chrono Boost)  
  14  0:16  Probe (Chrono Boost)  
  15  0:24  Pylon  
  15  0:32  Assimilator  
  15  1:00  Gateway  
  15  1:08  Assimilator  
  15  1:17  Probe  
  16  1:43  Pylon  
  16  2:28  Cybernetics Core  
  16  2:39  Nexus  
  16  2:51  Pylon  
  16  2:55  Probe  
  17  3:00  Warp Gate (Chrono Boost)  
  17  3:08  Probe  
  18  3:16  Gateway  
  18  3:18  Twilight Council  
  18  3:20  Probe  
  19  3:27  Robotics Facility  
  19  3:46  Charge, Gateway  
  19  3:50  Pylon  
  19  4:12  Probe x2  
  21  4:23  Warp Prism (Chrono Boost)  
  21  4:24  Probe  
  24  4:47  Pylon  
  24  4:54  Forge  
  24  5:15  Pylon  
  24  5:28  Photon Cannon  
  24  5:32  Photon Cannon  
  24  5:35  Photon Cannon  
  23  5:59  Stalker  
  23  6:00  Stalker x2  
  29  6:23  Zealot  
  29  6:24  Zealot  
  29  6:25  Zealot  
  35  6:44  Zealot x2  
  35  6:45  Zealot  
  27  7:06  Zealot x2  
  27  7:07  Zealot  
  29  7:13  Probe x2  
  31  7:20  Gateway  
  31  7:23  Gateway  
  31  7:25  Probe x2  
  33  7:35  Photon Cannon x2  
  33  7:37  Probe x2  
  35  7:48  Stargate  
  35  7:49  Probe x2  
  37  7:55  Zealot  
  37  7:56  Zealot x2  
  43  8:01  Probe x2  
  45  8:10  Pylon  
  45  8:13  Probe (Chrono Boost)  
  45  8:14  Stargate  
  44  8:24  Probe (Chrono Boost)  
  44  8:25  Pylon  
  45  8:28  Probe (Chrono Boost)  
  46  8:39  Void Ray (Chrono Boost)  
  46  8:40  Probe  
  47  8:43  Stalker x2  
  55  8:52  Probe  
  56  9:02  Assimilator  
  56  9:05  Assimilator  
  56  9:07  Pylon  
  56  9:10  Pylon  
  56  9:11  Void Ray  
  56  9:16  Pylon  
  60  9:33  Zealot x5  
  70  9:49  Void Ray (Chrono Boost)  
  70  9:51  Void Ray (Chrono Boost)  
  70  9:58  Nexus  
  78  10:23  Void Ray (Chrono Boost)  
  78  10:32  Pylon  
  82  10:35  Pylon  
  82  10:39  Pylon  
  82  10:46  Pylon  
  82  10:47  Fleet Beacon  
  82  11:01  Zealot x2  
  86  11:08  Zealot x2  
  90  11:14  Zealot  
  88  11:37  Stalker  
  88  11:38  Stalker x2  
  88  11:39  Stalker  
  96  11:40  Zealot  
  70  12:15  Stalker  
  70  12:16  Stalker x2  
  70  12:17  Stalker x2  
  86  12:42  Zealot x3  
  86  12:43  Zealot x2  
Show
View Real Time Build Order
Export as new Build Order

SpicyGum Terran 

Build Orders:  

Get SALT Encoding   

  12  0:00  SCV  
  13  0:13  SCV  
  14  0:21  Supply Depot  
  14  0:25  SCV  
  15  0:32  Refinery  
  16  0:45  Barracks  
  15  1:00  SCV  
  16  1:13  SCV  
  17  1:25  SCV  
  18  1:33  Barracks  
  18  1:37  SCV  
  19  1:47  Barracks  
  19  1:49  SCV  
  20  1:57  Reaper  
  20  2:00  Supply Depot  
  22  2:01  SCV  
  22  2:21  Reaper  
  23  2:29  Command Center  
  23  2:43  Reaper  
  24  2:54  SCV  
  24  2:57  Supply Depot  
  25  2:59  Refinery  
  25  3:01  Marine  
  26  3:29  Bunker  
  22  3:45  SCV  
  23  3:58  SCV  
  23  4:21  Barracks Tech Lab  
  23  4:26  Orbital Command  
  23  4:28  Factory  
  23  4:31  Supply Depot  
  23  4:34  Supply Depot  
  23  4:39  Engineering Bay  
  23  4:42  Factory  
  23  4:48  Command Center  
  23  4:57  SCV  
  24  5:13  Planetary Fortress  
  24  5:21  SCV  
  25  5:24  Supply Depot  
  25  5:27  Siege Tank, Factory Tech Lab  
  28  5:29  Marine  
  29  5:45  Marine x2  
  29  5:47  Marine, Siege Tank  
  35  6:03  Marine  
  36  6:17  Siege Tank  
  39  6:18  SCV x3  
  39  6:19  Siege Tank  
  39  6:24  Starport  
  45  6:30  SCV x2  
  45  6:31  SCV  
  48  6:34  Refinery  
  48  6:38  Refinery  
  48  6:42  SCV  
  48  6:43  SCV  
  51  6:47  Barracks Reactor  
  51  6:48  Barracks Tech Lab  
  50  6:55  SCV  
  51  7:08  Command Center  
  51  7:27  Bunker  
  51  7:29  Marine x4  
  55  7:35  Starport Reactor  
  55  7:47  Marine x4  
  52  8:26  Marine x4  
  55  8:32  SCV  
  55  8:33  SCV  
  57  8:34  SCV  
  58  8:43  Marine  
  58  8:44  Marine x3, SCV  
  58  8:45  SCV  
  58  8:46  SCV  
  65  8:56  SCV  
  65  8:57  SCV  
  65  8:58  SCV  
  65  9:01  Marine  
  65  9:02  Marine  
  70  9:06  Refinery  
  70  9:08  Refinery  
  70  9:09  SCV x2  
  72  9:21  SCV  
  71  9:31  Stimpack  
  71  9:32  Barracks Tech Lab  
  71  9:33  SCV  
  73  9:42  Orbital Command  
  73  9:45  SCV  
  73  9:50  SCV  
  73  9:52  Siege Tank x2  
  80  9:57  SCV  
  81  10:02  SCV  
  81  10:03  Missile Turret  
  81  10:04  Combat Shield  
  81  10:05  Marine x4  
  86  10:09  SCV  
  87  10:22  Marine  
  87  10:23  Marine x3  
  87  10:25  Missile Turret  
  91  10:31  SCV x2  
  93  10:37  Missile Turret  
  93  10:39  Engineering Bay  
  93  10:41  Armory  
  93  10:50  Supply Depot  
  93  10:51  Orbital Command  
  93  11:11  Marine x2, Liberator x2  
  93  11:13  Supply Depot  
  101  11:28  Command Center  
  101  11:32  Marine x4, Siege Tank, SCV  
  105  11:33  Siege Tank, Supply Depot  
  105  11:35  Supply Depot  
  105  11:37  Supply Depot, SCV  
  113  11:49  SCV  
  113  11:50  Marine x4  
  113  11:54  Liberator  
  106  12:08  Marine  
  103  12:15  Siege Tank  
  103  12:16  Siege Tank  
  103  12:18  Marauder  
  103  12:19  Marine, Marauder  
  114  12:26  Marine  
Tags
 
Add a new tag
Caveats
  • Supply blocks, unpowered buildings, or Contaminate may cause inaccurate times.
  • Supply counts are checked every 10 seconds.